 Dungeon Crawl Stone Soup version 0.25.0-1-g7eea58d (webtiles) character file.

Game seed: 11150989717119562756

84 edsrzf the Skirmisher (level 4, -1/49 HPs)
             Began as an Ogre Enchanter on June 27, 2020.
             Was an Initiate of Makhleb.
             Slain by an adder (2 damage)
             ... on level 2 of the Dungeon.
             The game lasted 00:04:49 (2217 turns).

edsrzf the Skirmisher (Ogre Enchanter)              Turns: 2217, Time: 00:04:51

Health: -1/49      AC:  4    Str: 13    XL:     4   Next: 45%
Magic:  8/8        EV: 10    Int: 16    God:    Makhleb [......]
Gold:   104        SH:  0    Dex:  9    Spells: 8/9 levels left

rFire    . . .     SeeInvis .   i - -1 short sword (curse)
rCold    . . .     Gourm    .   (no shield)
rNeg     . . .     Faith    .   e - +0 robe
rPois    .         Spirit   .   c - +1 hat
rElec    .         Reflect  .   (no cloak)
rCorr    .         Harm     .   (gloves unavailable)
MR       .....     Rnd*Tele +   (boots unavailable)
Stlth    ++........             h - amulet of magic regeneration
HPRegen  0.16/turn              g - ring of teleportation (curse)
MPRegen  0.36/turn              (no ring)

@: lethally poisoned (-1 -> -2)
A: large, unfitting armour, tough skin 1
a: Renounce Religion


You were on level 2 of the Dungeon.
You worshipped Makhleb.
Makhleb was noncommittal.
You were not hungry.

You visited 1 branch of the dungeon, and saw 2 of its levels.

You collected 104 gold pieces.

Inventory:

Hand Weapons
 a - a +1 dagger
 b - a +0 club
 i - a cursed -1 short sword (weapon)
 j - a +1 dagger of freezing
Armour
 c - a +1 hat (worn)
 e - a +0 robe (worn)
Jewellery
 g - a cursed ring of teleportation (left hand)
 h - an amulet of magic regeneration (around neck)
Potions
 f - a potion of stabbing
Comestibles
 d - 6 rations
 k - 2 chunks of flesh


   Skills:
 + Level 4.5 Fighting
 - Level 0.8 Short Blades
 - Level 0.4 Maces & Flails
 - Level 1.7 Dodging
 - Level 2.1 Stealth
 - Level 3.0 Spellcasting
 - Level 2.6 Hexes


You had 8 spell levels left.
You knew the following spells:

 Your Spells              Type           Power        Failure   Level  Hunger
a - Corona                Hex            ##.....      6%          1    #......

Your spell library contained the following spells:

 Spells                   Type           Power        Failure   Level  Hunger
 Ensorcelled Hibernation  Hex/Ice        #.....       16%         2    ##.....
 Confusing Touch          Hex            ##......     19%         3    ###....
 Tukima's Dance           Hex            ##......     19%         3    ###....
 Dazzling Flash           Conj/Hex       #.....       32%         3    ###....


Dungeon Overview and Level Annotations

Branches:
Dungeon (2/15)

Altars:
Makhleb
Zin

Annotations:
D:2 exclusion: adder


Innate Abilities, Weirdness & Mutations

You are too large for most types of armour.
You have tough skin. (AC +1)


Message History

There is a stone staircase leading up here.
The goblin hits you but does no damage.
You climb upwards.
There is a stone staircase leading down here.
You barely miss the goblin. The goblin barely misses you.
You closely miss the goblin. The goblin barely misses you.
You hit the goblin.
The goblin is severely wounded.
The goblin closely misses you.
You hit the goblin.
You kill the goblin!
Makhleb accepts your kill.
Things that are here:
a +0 dagger; a goblin corpse You butcher the goblin corpse.
k - 3 chunks of flesh (gained 2)
Things that are here:
a +0 dagger; a goblin skeleton Eating one of 3 chunks of flesh.
You eat one of the 3 chunks of flesh.
This raw flesh tastes terrible.
You start resting.
HP restored.
There is a stone staircase leading down here.
You climb downwards.
Level annotation: exclusion: adder The goblin shouts!
The adder bites you but does no damage. The adder bites you.
There is a stone staircase leading up here.
You barely miss the goblin. The goblin hits you. The adder closely misses you.
The hobgoblin hits you but does no damage.
The goblin hits you but does no damage.
You hit the goblin.
The goblin is moderately wounded.
The adder closely misses you. The hobgoblin closely misses you.
The adder barely misses you. The goblin hits you but does no damage.
You hit the goblin.
You kill the goblin!
Makhleb accepts your kill. The adder bites you.
You hit the hobgoblin but do no damage. The adder barely misses you.
The hobgoblin hits you with a +0 club! The adder completely misses you.
The hobgoblin hits you with a +0 club.
You aren't carrying any scrolls.
Unknown command.
You hit the hobgoblin.
The hobgoblin is heavily wounded.
The hobgoblin barely misses you. The adder bites you but does no damage.
You closely miss the hobgoblin.
The hobgoblin is heavily wounded.
The hobgoblin barely misses you. The adder bites you. The hobgoblin misses you.
You hit the hobgoblin but do no damage.
The hobgoblin is heavily wounded.
The adder bites you.
You are poisoned.
The adder poisons you! The hobgoblin closely misses you.
The hobgoblin barely misses you. The adder bites you.
You completely miss the hobgoblin.
The hobgoblin is heavily wounded.
You feel sick.
The hobgoblin hits you but does no damage.
The adder bites you. The hobgoblin hits you with a +0 club.
You hit the hobgoblin but do no damage.
The hobgoblin is heavily wounded.
The adder bites you but does no damage. The hobgoblin closely misses you. x2
You closely miss the hobgoblin.
The hobgoblin is heavily wounded.
The adder closely misses you. The hobgoblin hits you with a +0 club.
* * * LOW HITPOINT WARNING * * *
The adder bites you.
* * * LOW HITPOINT WARNING * * *
The hobgoblin hits you with a +0 club.
* * * LOW HITPOINT WARNING * * *
You barely miss the hobgoblin.
The hobgoblin is heavily wounded.
You feel sick. The hobgoblin barely misses you.
The adder bites you but does no damage. The hobgoblin misses you.
You barely miss the hobgoblin.
The hobgoblin is heavily wounded.
The adder bites you but does no damage. The hobgoblin hits you with a +0 club.
* * * LOW HITPOINT WARNING * * *
The hobgoblin hits you but does no damage.
The adder bites you but does no damage.
Unknown command.
You closely miss the hobgoblin.
The hobgoblin is heavily wounded.
The hobgoblin barely misses you. The adder bites you but does no damage.
The hobgoblin hits you but does no damage.
You barely miss the hobgoblin.
The hobgoblin is heavily wounded.
The adder bites you.
* * * LOW HITPOINT WARNING * * *
The hobgoblin hits you but does no damage. x2
You barely miss the hobgoblin.
The hobgoblin is heavily wounded.
* * * LOW HITPOINT WARNING * * *
You feel sick. The adder barely misses you.
The hobgoblin hits you with a +0 club.
* * * LOW HITPOINT WARNING * * *
The adder bites you.
You die...

# #####.# ....#.#
#..... #####.#[# #.#
#g..S...# #.#
#g###.###.#.#
#@g.#g....#.#####
#S#.#.#####.....#
#.#.#.# #.....#
#...#g#####.....##
#.#####g..)g........
#.......#####.######
#######.....#.#
#####g#.# #.#.#


You could see an adder, 2 hobgoblins and a goblin.

Vanquished Creatures
  5 adders (D:2)
  A dart slug (D:1)
  A leopard gecko (D:1)
  A ball python (D:1)
  6 bats
  A giant cockroach (D:1)
  5 goblins
  4 hobgoblins
  3 jackals (D:2)
  A frilled lizard (D:1)
  2 kobolds
  6 rats
36 creatures vanquished.

Notes
Turn   | Place    | Note
-------+----------+-------------------------------------------
     0 | D:1      | edsrzf the Ogre Enchanter began the quest for the Orb.
     0 | D:1      | Reached XP level 1. HP: 16/16 MP: 3/3
   119 | D:1      | Reached skill level 1 in Fighting
   239 | D:1      | Reached XP level 2. HP: 19/27 MP: 2/5
   426 | D:1      | Reached skill level 3 in Spellcasting
   549 | D:1      | Reached skill level 2 in Fighting
   572 | D:1      | Identified a scroll of immolation
   875 | D:1      | Reached XP level 3. HP: 26/35 MP: 7/7
  1008 | D:2      | Found a burning altar of Makhleb.
  1016 | D:2      | Identified a scroll of identify
  1016 | D:2      | Identified a potion of stabbing
  1022 | D:2      | Found a glowing silver altar of Zin.
  1023 | D:2      | Noticed an Executioner
  1023 | D:2      | Noticed an angel
  1026 | D:2      | Became a worshipper of Makhleb the Destroyer
  1426 | D:2      | Reached skill level 3 in Fighting
  1577 | D:2      | Reached skill level 4 in Fighting
  1577 | D:2      | Reached XP level 4. HP: 18/48 MP: 8/8
  2216 | D:2      | HP: 2/49 [adder (1)]
  2217 | D:2      | Slain by an adder

Illustrated notes

Levels and vault maps discovered:
D:1:      matt_arrival_debris, layout_basic, st_stairs_13
D:2:      layout_basic, grunt_temple_overflow_order_and_chaos_2, uniq_robin

Skill      XL: |  1  2  3 |
---------------+----------+-----
Fighting       | 1 2 4 |  4.5
Spellcasting   | 3 |  3.0
Short Blades   | |  0.8
Maces & Flails | |  0.4
Dodging        | |  1.7
Stealth        | |  2.1
Hexes          | |  2.6

Action                   |  1- 3 |  4- 6 || total
-------------------------+-------+-------++-------
Melee: Dagger            |    67 |       ||    67
       Short sword       |    70 |    63 ||   133
 Cast: Corona            |     6 |     5 ||    11
  Use: Scroll            |     2 |       ||     2
 Stab: Sleeping          |     4 |       ||     4
  Eat: Chunk             |     2 |     2 ||     4
Armor: Robe              |    52 |    29 ||    81
Dodge: Dodged            |    91 |    45 ||   136
